[ AOE2 MATCH · #505154878 ]
UnrankedBohemians vs Magyars
Player's team · WIN
Rival team · LOSS
[ REPLAY ANALYSIS · EXTRACTED FROM THE RECORDED GAME ]
Feudal
8:31
Castle
20:47
Imperial
32:40
| APM avg | 59.7 |
| APM peak | 106 |
| eAPM avg | 33.8 |
| Villagers / military | 165 / 67 |
Focus
⚔️ 38.1% · 🌾 61.9%
Spearman ×41 · Archer ×8 · Monk ×4 · Bombard Cannon ×4 · Trebuchet (Packed) ×3 · Mangonel ×2
Feudal
10:45
Castle
22:08
Imperial
35:09
| APM avg | 60.6 |
| APM peak | 87 |
| eAPM avg | 26.8 |
| Villagers / military | 131 / 67 |
Focus
⚔️ 37.6% · 🌾 62.4%
Cavalry Archer ×26 · Skirmisher ×20 · Magyar Huszar ×14 · Trade Cart ×5 · Militia ×4 · Monk ×1
Match map
Initial resources + every placement click. Lines = walls · curves = elevation contours. ◆ gold · ⬟ stone · ● berries · ✦ relic · ◌ wall gap
Your base· Open — unwalled flank
STORM | Noszombie's base· Open — 5t gap
Smoothed initial terrain · ◌ = detected wall gap · hover for details
Inputs per minute
— Courtesy - - STORM | Noszombie
Build order — Courtesy
First 150 of 445 actions detected
| 0:01 | Create | Villager (Male) |
| 0:02 | Build | House |
| 0:13 | Create | Villager (Male) |
| 0:13 | Create | Villager (Male) |
| 0:16 | Create | Villager (Male) |
| 0:16 | Create | Villager (Male) |
| 0:16 | Create | Villager (Male) |
| 1:14 | Create | Villager (Male) |
| 1:51 | Build | Lumber Camp |
| 2:07 | Create | Villager (Male) |
| 2:07 | Create | Villager (Male) |
| 2:23 | Create | Villager (Male) |
| 2:24 | Create | Villager (Male) |
| 2:35 | Create | Villager (Male) |
| 3:01 | Create | Villager (Male) |
| 3:01 | Create | Villager (Male) |
| 3:04 | Build | House |
| 3:35 | Create | Villager (Male) |
| 3:36 | Create | Villager (Male) |
| 3:37 | Create | Villager (Male) |
| 3:44 | Build | House |
| 4:06 | Create | Villager (Male) |
| 4:23 | Create | Villager (Male) |
| 4:50 | Build | Mill |
| 5:28 | Create | Villager (Male) |
| 5:29 | Create | Villager (Male) |
| 5:49 | Build | House |
| 6:21 | Research | Feudal Age |
| 6:21 | Research | Feudal Age |
| 6:21 | Research | Feudal Age |
| 7:08 | Build | Palisade Wall |
| 7:10 | Build | Palisade Wall |
| 7:15 | Create | Villager (Male) |
| 7:33 | Build | Palisade Wall |
| 7:35 | Build | Palisade Wall |
| 7:39 | Create | Villager (Male) |
| 7:41 | Build | Barracks |
| 7:43 | Create | Villager (Male) |
| 7:56 | Research | Loom |
| 8:15 | Build | House |
| 8:31 | Age | Feudal Age |
| 8:34 | Build | Palisade Wall |
| 8:35 | Build | Palisade Wall |
| 8:51 | Build | Palisade Wall |
| 8:53 | Create | Villager (Male) |
| 8:56 | Build | Archery Range |
| 8:58 | Research | Double-Bit Axe |
| 8:59 | Research | Double-Bit Axe |
| 9:07 | Create | Villager (Male) |
| 9:09 | Create | Villager (Male) |
| 9:29 | Create | Villager (Male) |
| 9:41 | Create | Archer |
| 9:48 | Build | Palisade Wall |
| 9:50 | Build | Palisade Wall |
| 9:53 | Build | Palisade Wall |
| 10:01 | Create | Villager (Male) |
| 10:04 | Build | Mining Camp |
| 10:05 | Create | Villager (Male) |
| 10:12 | Build | Farm |
| 10:23 | Create | Villager (Male) |
| 10:28 | Build | Farm |
| 10:35 | Build | House |
| 10:37 | Create | Villager (Male) |
| 10:38 | Build | House |
| 11:11 | Build | Farm |
| 11:11 | Create | Villager (Male) |
| 11:13 | Build | Farm |
| 11:15 | Build | Palisade Wall |
| 11:18 | Create | Archer |
| 11:20 | Create | Villager (Male) |
| 11:29 | Create | Villager (Male) |
| 11:39 | Build | House |
| 11:41 | Build | Blacksmith |
| 11:46 | Create | Villager (Male) |
| 11:54 | Build | Farm |
| 11:59 | Build | Blacksmith |
| 12:02 | Create | Archer |
| 12:07 | Build | Farm |
| 12:07 | Create | Villager (Male) |
| 12:08 | Build | Farm |
| 12:21 | Build | Palisade Wall |
| 12:28 | Create | Archer |
| 12:42 | Create | Villager (Male) |
| 12:43 | Build | House |
| 12:55 | Research | Fletching |
| 12:55 | Research | Fletching |
| 12:56 | Create | Skirmisher |
| 13:08 | Build | House |
| 13:12 | Create | Skirmisher |
| 13:17 | Create | Villager (Male) |
| 13:20 | Build | House |
| 13:21 | Build | House |
| 13:22 | Build | House |
| 13:26 | Create | Archer |
| 13:30 | Create | Villager (Male) |
| 13:40 | Build | House |
| 13:42 | Build | House |
| 13:44 | Build | Palisade Wall |
| 13:47 | Build | Palisade Wall |
| 13:52 | Create | Villager (Male) |
| 13:55 | Build | Palisade Wall |
| 13:59 | Create | Villager (Male) |
| 14:02 | Build | Watch Tower |
| 14:04 | Create | Archer |
| 14:13 | Create | Villager (Male) |
| 14:23 | Create | Villager (Male) |
| 14:32 | Create | Villager (Male) |
| 14:33 | Build | Farm |
| 15:05 | Create | Villager (Male) |
| 15:11 | Create | Archer |
| 15:26 | Build | Mining Camp |
| 15:27 | Create | Villager (Male) |
| 15:45 | Build | Farm |
| 15:50 | Create | Villager (Male) |
| 16:31 | Build | Market |
| 16:32 | Create | Villager (Male) |
| 17:28 | Build | Palisade Wall |
| 17:32 | Build | Palisade Wall |
| 18:07 | Research | Castle Age |
| 18:07 | Research | Castle Age |
| 18:46 | Create | Archer |
| 19:19 | Create | Villager (Male) |
| 19:25 | Research | Horse Collar |
| 19:27 | Build | Farm |
| 19:44 | Build | Farm |
| 20:21 | Create | Villager (Male) |
| 20:27 | Build | Farm |
| 20:28 | Build | Farm |
| 20:47 | Age | Castle Age |
| 20:49 | Create | Villager (Male) |
| 20:51 | Build | Town Center |
| 20:51 | Research | Bow Saw |
| 20:52 | Research | Bow Saw |
| 20:53 | Create | Villager (Male) |
| 20:53 | Build | Monastery |
| 20:54 | Build | Farm |
| 21:12 | Create | Villager (Male) |
| 21:14 | Build | Town Center |
| 21:23 | Research | Heavy Plow |
| 21:26 | Build | Farm |
| 21:45 | Build | Stone Wall |
| 21:47 | Research | Fervor |
| 21:48 | Research | Fervor |
| 21:48 | Build | Farm |
| 21:58 | Create | Villager (Male) |
| 22:01 | Build | Farm |
| 22:02 | Build | Farm |
| 22:02 | Create | Villager (Male) |
| 22:05 | Build | Farm |
| 22:07 | Create | Villager (Male) |
Build order — STORM | Noszombie
First 150 of 417 actions detected
| 0:01 | Create | Villager (Male) |
| 0:01 | Create | Villager (Male) |
| 0:02 | Build | House |
| 0:04 | Create | Villager (Male) |
| 0:17 | Create | Villager (Male) |
| 1:28 | Create | Villager (Male) |
| 1:57 | Build | Lumber Camp |
| 2:02 | Create | Villager (Male) |
| 2:25 | Create | Villager (Male) |
| 2:35 | Create | Villager (Male) |
| 3:15 | Create | Villager (Male) |
| 3:15 | Create | Villager (Male) |
| 3:23 | Build | House |
| 3:40 | Create | Villager (Male) |
| 3:40 | Create | Villager (Male) |
| 4:01 | Create | Villager (Male) |
| 4:32 | Build | Barracks |
| 4:34 | Create | Villager (Male) |
| 4:47 | Build | House |
| 4:55 | Create | Villager (Male) |
| 5:12 | Create | Villager (Male) |
| 5:21 | Create | Villager (Male) |
| 5:26 | Create | Militia |
| 5:26 | Create | Militia |
| 5:38 | Build | House |
| 5:55 | Create | Militia |
| 6:11 | Build | Mill |
| 6:12 | Create | Villager (Male) |
| 6:19 | Create | Militia |
| 6:29 | Build | House |
| 6:39 | Create | Villager (Male) |
| 6:56 | Create | Villager (Male) |
| 7:33 | Create | Villager (Male) |
| 7:45 | Build | Farm |
| 7:48 | Research | Loom |
| 7:50 | Build | Farm |
| 7:54 | Create | Villager (Male) |
| 8:35 | Research | Feudal Age |
| 8:36 | Research | Feudal Age |
| 8:38 | Build | Mining Camp |
| 9:20 | Build | Palisade Wall |
| 9:46 | Build | House |
| 9:48 | Build | House |
| 10:39 | Create | Villager (Male) |
| 10:45 | Age | Feudal Age |
| 10:49 | Research | Man-at-Arms (upgrade) |
| 10:52 | Create | Villager (Male) |
| 10:54 | Build | Archery Range |
| 10:58 | Build | Archery Range |
| 11:04 | Research | Double-Bit Axe |
| 11:05 | Research | Double-Bit Axe |
| 11:06 | Create | Villager (Male) |
| 11:10 | Research | Horse Collar |
| 11:13 | Build | House |
| 11:14 | Build | Palisade Wall |
| 11:33 | Create | Villager (Male) |
| 11:42 | Create | Skirmisher |
| 11:43 | Build | Farm |
| 11:52 | Create | Skirmisher |
| 11:59 | Build | Palisade Gate |
| 12:01 | Create | Villager (Male) |
| 12:07 | Create | Skirmisher |
| 12:10 | Create | Villager (Male) |
| 12:12 | Build | Farm |
| 12:15 | Build | Farm |
| 12:28 | Research | Loom |
| 12:29 | Create | Skirmisher |
| 12:34 | Create | Skirmisher |
| 12:50 | Build | Blacksmith |
| 13:07 | Create | Skirmisher |
| 13:09 | Create | Villager (Male) |
| 13:11 | Build | Watch Tower |
| 13:16 | Create | Skirmisher |
| 13:31 | Research | Padded Archer Armor |
| 13:34 | Create | Skirmisher |
| 13:37 | Build | House |
| 13:43 | Build | Farm |
| 13:53 | Build | Watch Tower |
| 14:00 | Create | Skirmisher |
| 14:11 | Create | Villager (Male) |
| 14:13 | Build | Mining Camp |
| 14:14 | Create | Villager (Male) |
| 14:31 | Create | Skirmisher |
| 14:32 | Create | Villager (Male) |
| 15:05 | Create | Villager (Male) |
| 15:07 | Create | Skirmisher |
| 15:11 | Build | House |
| 15:13 | Create | Skirmisher |
| 15:16 | Build | Farm |
| 15:20 | Build | Farm |
| 15:21 | Build | Farm |
| 15:56 | Create | Villager (Male) |
| 15:58 | Build | House |
| 15:59 | Build | Palisade Wall |
| 16:02 | Build | Farm |
| 16:10 | Create | Villager (Male) |
| 16:13 | Build | Farm |
| 16:18 | Build | Farm |
| 16:21 | Research | Wheelbarrow |
| 16:30 | Build | Farm |
| 16:33 | Build | Farm |
| 16:39 | Build | Stone Wall |
| 17:00 | Build | Stone Wall |
| 17:01 | Build | Stone Wall |
| 17:02 | Build | Stone Wall |
| 17:07 | Build | Farm |
| 17:11 | Build | Farm |
| 17:16 | Build | Outpost |
| 17:24 | Build | Outpost |
| 17:48 | Create | Villager (Male) |
| 17:57 | Build | Gate |
| 18:04 | Build | Market |
| 18:11 | Build | Farm |
| 18:11 | Build | Farm |
| 18:26 | Create | Villager (Male) |
| 18:32 | Build | Stone Wall |
| 18:34 | Build | Stone Wall |
| 18:35 | Build | Stone Wall |
| 18:38 | Build | Stone Wall |
| 18:40 | Build | Stone Wall |
| 18:45 | Build | Gate |
| 18:58 | Build | Farm |
| 19:02 | Build | Farm |
| 19:28 | Research | Castle Age |
| 19:29 | Research | Castle Age |
| 19:40 | Build | Gate |
| 19:42 | Build | Stone Wall |
| 19:57 | Create | Spearman |
| 20:03 | Research | Gold Mining |
| 20:03 | Research | Stone Mining |
| 20:06 | Research | Stone Mining |
| 20:06 | Research | Stone Mining |
| 20:10 | Build | Stone Wall |
| 20:11 | Build | Stone Wall |
| 20:11 | Build | Stone Wall |
| 20:12 | Build | Stone Wall |
| 20:13 | Build | Stone Wall |
| 20:13 | Build | Stone Wall |
| 20:14 | Build | Stone Wall |
| 21:17 | Research | Town Watch |
| 21:17 | Research | Town Watch |
| 21:21 | Build | Stone Wall |
| 22:08 | Age | Castle Age |
| 22:12 | Research | Elite Skirmisher (upgrade) |
| 22:12 | Research | Fletching |
| 22:14 | Create | Villager (Male) |
| 22:36 | Build | Town Center |
| 22:40 | Create | Villager (Male) |
| 22:49 | Research | Bow Saw |
| 22:49 | Research | Bow Saw |
Match timeline
| 4:32 | STORM | Noszombie · first_building Barracks |
| 7:08 | Courtesy · wall_segment Palisade Wall x1 |
| 7:10 | Courtesy · wall_segment Palisade Wall x1 |
| 7:33 | Courtesy · wall_segment Palisade Wall x1 |
| 7:35 | Courtesy · wall_segment Palisade Wall x1 |
| 7:41 | Courtesy · first_building Barracks |
| 8:31 | Courtesy · age_up feudal |
| 8:34 | Courtesy · wall_segment Palisade Wall x1 |
| 8:35 | Courtesy · wall_segment Palisade Wall x1 |
| 8:51 | Courtesy · wall_segment Palisade Wall x1 |
| 8:56 | Courtesy · first_building Archery Range |
| 9:20 | STORM | Noszombie · wall_segment Palisade Wall x14 |
| 9:48 | Courtesy · wall_segment Palisade Wall x1 |
| 9:50 | Courtesy · wall_segment Palisade Wall x1 |
| 9:53 | Courtesy · wall_segment Palisade Wall x1 |
| 10:45 | STORM | Noszombie · age_up feudal |
| 10:54 | STORM | Noszombie · first_building Archery Range |
| 11:14 | STORM | Noszombie · wall_segment Palisade Wall x1 |
| 11:15 | Courtesy · wall_segment Palisade Wall x1 |
| 12:21 | Courtesy · wall_segment Palisade Wall x1 |
| 13:44 | Courtesy · wall_segment Palisade Wall x1 |
| 13:47 | Courtesy · wall_segment Palisade Wall x1 |
| 13:55 | Courtesy · wall_segment Palisade Wall x1 |
| 15:59 | STORM | Noszombie · wall_segment Palisade Wall x4 |
| 16:39 | STORM | Noszombie · wall_segment Stone Wall x17 |
| 17:00 | STORM | Noszombie · wall_segment Stone Wall x1 |
| 17:01 | STORM | Noszombie · wall_segment Stone Wall x1 |
| 17:02 | STORM | Noszombie · wall_segment Stone Wall x1 |
| 17:28 | Courtesy · wall_segment Palisade Wall x1 |
| 17:32 | Courtesy · wall_segment Palisade Wall x1 |
| 17:35 | Courtesy · first_market_buy 100 food |
| 18:32 | STORM | Noszombie · wall_segment Stone Wall x1 |
| 18:34 | STORM | Noszombie · wall_segment Stone Wall x1 |
| 18:35 | STORM | Noszombie · wall_segment Stone Wall x1 |
| 18:38 | STORM | Noszombie · wall_segment Stone Wall x4 |
| 18:40 | STORM | Noszombie · wall_segment Stone Wall x11 |
| 19:42 | STORM | Noszombie · wall_segment Stone Wall x1 |
| 20:10 | STORM | Noszombie · wall_segment Stone Wall x1 |
| 20:11 | STORM | Noszombie · wall_segment Stone Wall x1 |
| 20:11 | STORM | Noszombie · wall_segment Stone Wall x1 |
| 20:12 | STORM | Noszombie · wall_segment Stone Wall x1 |
| 20:13 | STORM | Noszombie · wall_segment Stone Wall x1 |
| 20:13 | STORM | Noszombie · wall_segment Stone Wall x1 |
| 20:14 | STORM | Noszombie · wall_segment Stone Wall x1 |
| 20:47 | Courtesy · age_up castle |
| 20:53 | Courtesy · first_building Monastery |
| 21:21 | STORM | Noszombie · wall_segment Stone Wall x11 |
| 21:45 | Courtesy · wall_segment Stone Wall x4 |
| 22:08 | Courtesy · first_market_sell 100 stone |
| 22:08 | STORM | Noszombie · age_up castle |
| 22:45 | Courtesy · wall_segment Stone Wall x1 |
| 23:17 | Courtesy · wall_segment Stone Wall x12 |
| 23:19 | Courtesy · wall_segment Stone Wall x12 |
| 23:23 | STORM | Noszombie · wall_segment Stone Wall x4 |
| 23:32 | STORM | Noszombie · first_market_buy 100 stone |
| 23:49 | Courtesy · first_building Siege Workshop |
| 26:10 | STORM | Noszombie · first_building Monastery |
| 28:53 | Courtesy · first_building Castle |
| 29:38 | STORM | Noszombie · first_building Castle |
| 31:21 | STORM | Noszombie · wall_segment Stone Wall x1 |
| 31:27 | STORM | Noszombie · first_building Siege Workshop |
| 32:11 | Courtesy · wall_segment Stone Wall x4 |
| 32:18 | Courtesy · wall_segment Stone Wall x29 |
| 32:22 | Courtesy · wall_segment Stone Wall x5 |
| 32:40 | Courtesy · age_up imperial |
| 33:05 | STORM | Noszombie · wall_segment Stone Wall x17 |
| 34:52 | STORM | Noszombie · first_market_sell 100 food |
| 35:09 | STORM | Noszombie · age_up imperial |
| 37:30 | STORM | Noszombie · first_building Stable |
| 39:39 | STORM | Noszombie · resign |
[ AI ANALYSIS · 1 CREDIT ]
What really happened in this match?
Wolo.gg analyzes every decision: build order, eco, micro, common mistakes by bracket. Personalized analysis on WhatsApp or Discord in 30 seconds.
Civ guide
Bohemians
Perfil
Jugador #3022245